AoeStats
← E-d-d-i-e91G

Nomad

509274747Analyzed
2v2 RM · 7d ago on Sep 26, 2026· 48m 26s· 4 players
Game mode
Random Map
Map size
176×176
Population
200
Speed
Normal
Resources
Standard
Victory
Conquest
Starting age
Dark Age
Ending age
Imperial Age
RankedLock teamsTeams togetherTeam positionsShared explorationLock speedFull tech treeHidden civsTurbo modeCheats
Victory
Defeat
🇦🇺 Bohemians · Australia
411
+25
🇦🇺 Khitans · Australia
382
+27
🇦🇷 Celts · Argentina
634
-50
634
-50
E-d-d-i-e91G
4:26 Loom
17:27 Feudal Age
18:12 Domestication
18:24 Town Watch
20:08 Man-at-Arms
26:11 Wheelbarrow
27:36 Fletching
28:29 Scale Barding Armor
30:29 Double-Bit Axe
31:38 Scale Mail Armor
33:06 Fishing Lines
33:32 Gold Mining
35:41 Arson
41:16 Castle Age
42:17 Hand Cart
43:02 Thumb Ring
43:12 Squires
45:04 Gillnets
45:26 Husbandry
47:10 Forging
49:12 Medium Warships
IAMASTROMAN9714
14:30 Feudal Age
14:56 Double-Bit Axe
16:06 Wheelbarrow
15:17 Loom
15:30 Horse Collar
16:07 Fishing Lines
17:43 Man-at-Arms
22:33 Arson
27:12 Forging
27:02 Scale Mail Armor
31:32 Castle Age
33:02 Husbandry
34:39 Gillnets
35:00 Medium Warships
34:44 Long Swordsman
37:47 Caravan
37:58 Scale Barding Armor
39:29 Heavy Plow
39:44 Bow Saw
40:14 Iron Casting
39:55 Chain Mail Armor
40:01 Chain Barding Armor
42:05 Hand Cart
42:54 Chemistry
42:17 Ballistics
42:19 Siphons
47:24 Imperial Age
47:27 Cavalier
47:40 Two-Handed Swordsman
el_viola_perros [BalaDeLeche]
3:48 Loom
15:58 Feudal Age
18:52 Man-at-Arms
28:01 Castle Age
27:06 Double-Bit Axe
35:49 Stone Mining
EL RABINO GOLDMAN [BalaDeLeche]
10:10 Loom
13:57 Feudal Age
20:10 Horse Collar
20:52 Bloodlines
26:40 Castle Age
27:15 Wheelbarrow
27:38 Pikeman
36:53 Husbandry
37:36 Forging
37:27 Scale Mail Armor
37:27 Padded Archer Armor
37:33 Scale Barding Armor
42:04 Ballistics
44:36 Imperial Age
Connection lost

Rejoining the realm…

Still unreachable

The connection could not be restored.

Session expired

The server has moved on; the page needs a fresh start.